 Dungeon Crawl Stone Soup version 0.27-a0-3-gcf006a40f5 (webtiles) character file.

Game seed: 15278172119404084304

232 jestyr24 the Skirmisher (level 5, -8/50 HPs)
             Began as a Minotaur Berserker on Jan 2, 2021.
             Was a Priest of Trog.
             Mangled by an ice beast (13 damage)
             ... on level 3 of the Dungeon.
             The game lasted 00:06:42 (2582 turns).

jestyr24 the Skirmisher (Minotaur Berserker)        Turns: 2582, Time: 00:06:42

Health: -8/50      AC:  9    Str: 23    XL:     5   Next: 73%
Magic:  4/4        EV:  6    Int:  4    God:    Trog [***...]
Gold:   109        SH:  7    Dex:  9    Spells: 4/4 levels left

rFire    . . .     SeeInvis .   k - +0 whip (vamp)
rCold    . . .     Faith    .   t - +0 kite shield
rNeg     . . .     Spirit   .   i - +0 chain mail (curse)
rPois    .         Reflect  .   (helmet restricted)
rElec    .         Harm     .   (no cloak)
rCorr    .         Rampage  .   (no gloves)
Will     .....                  (no boots)
Stlth    ..........             (no amulet)
HPRegen  0.16/turn              (no ring)
MPRegen  0.09/turn              (no ring)

@: no status effects
A: retaliatory headbutt, horns 2
a: Renounce Religion, Berserk, Trog's Hand


You were on level 3 of the Dungeon.
You worshipped Trog.
Trog was most pleased with you.
You visited 1 branch of the dungeon, and saw 4 of its levels.

You collected 109 gold pieces.

Inventory:

Hand Weapons
 a - a +0 falchion
 f - a +0 spear
 k - a +0 vampiric whip (weapon)
Missiles
 q - 2 silver boomerangs
Armour
 b - a +0 animal skin
 i - a cursed +0 chain mail (worn)
 t - a +0 kite shield (worn)
Scrolls
 d - a scroll of immolation {unknown}
 h - a scroll of noise {unknown}
 l - 3 scrolls of identify {unknown}
 n - a scroll of fog {unknown}
 p - a scroll of blinking {unknown}
 r - a scroll of enchant armour {unknown}
 s - 2 scrolls of teleportation {unknown}
Potions
 c - 2 potions of invisibility {unknown}
 e - a potion of curing {unknown}
 g - a potion of attraction {unknown}
 j - 2 potions of haste {unknown}
 m - a potion of might {unknown}
 o - a potion of degeneration {unknown}


   Skills:
 - Level 6.1 Fighting
 - Level 4.2 Long Blades
 - Level 3.8 Armour
 - Level 3.2 Dodging
 - Level 0.1 Stealth
 + Level 0.5 Shields
 - Level 0.1 Spellcasting


You had 4 spell levels left.
You didn't know any spells.
Your spell library was empty.

Dungeon Overview and Level Annotations

Branches:
Dungeon (4/15)
 Temple: D:4-7

Altars:
Kikubaaqudgha


Innate Abilities, Weirdness & Mutations

You reflexively headbutt those who attack you in melee.
You have a pair of horns on your head.


Message History

There is a stone staircase leading down here.
You barely miss the ice beast.
The ice beast is heavily wounded.
You block the ice beast's attack. The white imp gestures at you.
You block the puff of frost. You block the ice beast's attack.
You completely miss the white imp. You headbutt the white imp.
You kill the white imp!
Trog accepts your kill. You block the ice beast's attack.
You hit the ice beast but do no damage.
You headbutt the ice beast, but do no damage.
The ice beast is heavily wounded.
The ice beast barely misses you.
You completely miss the ice beast. You headbutt the ice beast!
The ice beast is almost dead.
The ice beast hits you.
* * * LOW HITPOINT WARNING * * *
The ice beast freezes you!
You die...

######## #......#
#......# #......#
#......######
#.....@.....#
#......Y##### #..)..###
#)..### ♣♣♣♣♣♣ ♣ #...#
♣♣♣...)♣♣♣♣♣♣♣
#...#♣♣♣♣♣.)♣♣♣)...♣♣..
###.......♣♣♣ ♣♣♣♣...♣♣
#.)....♣♣ ♣♣♣♣♣
#.#♣♣♣♣♣


You could see an ice beast.

Vanquished Creatures
  2 orc wizards (D:3)
  A worker ant (D:2)
  A howler monkey zombie (D:2)
  5 adders
  A white imp (D:3)
  2 oozes (D:2)
  2 worms (D:2)
  3 dart slugs
  2 leopard geckos
  5 orcs (D:3)
  A bat zombie (D:3)
  4 giant cockroaches
  5 goblins
  4 hobgoblins
  7 kobolds
  A quokka (D:3)
  4 ball pythons
  7 bats
  4 frilled lizards
  11 rats
  3 rat zombies (D:3)
75 creatures vanquished.

Notes
Turn   | Place    | Note
-------+----------+-------------------------------------------
     0 | D:1      | jestyr24 the Minotaur Berserker began the quest for the
                  | Orb.
     0 | D:1      | Reached XP level 1. HP: 19/19 MP: 0/0
    71 | D:1      | Reached XP level 2. HP: 27/27 MP: 1/1
    89 | D:1      | Reached skill level 4 in Fighting
   655 | D:2      | Reached ** piety under Trog
   703 | D:2      | Reached XP level 3. HP: 20/33 MP: 2/2
  1215 | D:2      | Reached XP level 4. HP: 40/41 MP: 3/3
  1336 | D:2      | Reached skill level 5 in Fighting
  1719 | D:3      | Found a faded altar of an unknown god.
  1809 | D:3      | Reached XP level 5. HP: 48/48 MP: 4/4
  2149 | D:3      | Reached skill level 6 in Fighting
  2256 | D:3      | Reached *** piety under Trog
  2418 | D:3      | Found an ancient bone altar of Kikubaaqudgha.
  2566 | D:4      | Noticed an ice beast
  2582 | D:3      | Mangled by an ice beast

Illustrated notes

Levels and vault maps discovered:
D:1:      wander_arrival_fairy_ring, layout_loops_ring
D:2:      layout_basic, chequers_serial_rivers_small_3, grunt_decor_clamped
D:3:      kb_forest_paths, layout_rooms, lemuel_zombie_altar_kikubaaqudgha,
          chequers_ecumenical_altar_twisty, kennysheep_small_spiral
D:4:      layout_layer_cave, kennysheep_cross_bottleneck,
          nicolae_underground_beach

Skill      XL: |  1  2  3  4  5 |
---------------+----------------+-----
Fighting       | 4 5 6 |  6.1
Long Blades    | 4 |  4.2
Armour         | 3 |  3.8
Dodging        | 3 |  3.2
Stealth        | |  0.1
Shields        | |  0.5
Spellcasting   | |  0.1

Action                   |  1- 3 |  4- 6 || total
-------------------------+-------+-------++-------
Melee: Falchion          |    38 |       ||    38
       Headbutt          |    11 |    29 ||    40
       Whip              |    32 |   100 ||   132
 Stab: Sleeping          |     1 |       ||     1
Armor: Animal skin       |     2 |       ||     2
       Chain mail        |    45 |    41 ||    86
Dodge: Dodged            |    36 |    46 ||    82
Block: Kite shield       |       |     8 ||     8
       Rpst.: Falchion   |     9 |       ||     9

Table legend: (Time is in decaauts)
 A = Elapsed time spent in this place.
 B = Non-inter-level travel time spent in this place.
 C = Inter-level travel time spent in this place.
 D = Time resting spent in this place.
 E = Time spent auto-exploring this place.
 F = Levels seen in this place.
 G = Mean time per level.
                   A        B        C        D        E       F      G
               +--------+--------+--------+--------+--------+-----+--------+
         Total |   2601 |   2492 |    109 |    372 |   1509 |   4 |  650.2 |
       Dungeon |   2601 |   2492 |    109 |    372 |   1509 |   4 |  650.2 |
               +--------+--------+--------+--------+--------+-----+--------+

Top non-repeatable levels by time:
     D:2: 1102 daAuts
     D:3: 916 daAuts
     D:1: 569 daAuts
     D:4: 13 daAuts
